 Dungeon Crawl Stone Soup version 0.28.0-1-gb440e238dd (webtiles) character file.

Game seed: 7193204237008153845

4 arthad the Chopper (level 1, -3/14 HPs)
             Began as an Octopode Wanderer on Feb 20, 2022.
             Succumbed to a kobold's poison
             ... on level 1 of the Dungeon.
             The game lasted 00:01:22 (264 turns).

arthad the Chopper (Octopode Wanderer)               Turns: 264, Time: 00:01:23

Health: -3/14      AC:  1    Str: 13    XL:     1   Next: 70%
Magic:  1/1        EV: 12    Int: 12    God:
Gold:   10         SH:  0    Dex: 11    Spells: 0/0 levels left

rFire   . . .      SeeInvis .   a - +2 hand axe
rCold   . . .      Faith    .   (no shield)
rNeg    . . .      Spirit   .   (helmet restricted)
rPois   .          Reflect  .   (no amulet)
rElec   .          Harm     .   (no ring)
rCorr   .          Rampage  .   (no ring)
Will    .....                   (no ring)
Stlth   ++........              (no ring)
HPRegen 0.04/turn               (no ring)
MPRegen 0.07/turn               (no ring)
                                (no ring)
                                (no ring)

@: lethally poisoned (-3 -> -20)
A: almost no armour, amphibious, 8 rings, camouflage 1, gelatinous body 1,
(nimble swimmer 1), tentacles
a: no special abilities


You were on level 1 of the Dungeon.
You visited 1 branch of the dungeon, and saw 1 of its levels.

You collected 10 gold pieces.

Inventory:

Hand Weapons
 a - a +2 hand axe (weapon)
 b - a +0 shortbow
 e - a +0 dagger
Missiles
 c - 29 arrows
 d - 10 poisoned darts (quivered)


   Skills:
 * Level 2.1 Fighting
 * Level 3.1 Axes
 + Level 3.0 Bows
 - Level 1.0 Throwing
 + Level 0.1 Dodging
 + Level 0.3 Stealth
 + Level 0.1 Spellcasting
 - Level 1.1 Evocations


You couldn't memorise any spells.
You didn't know any spells.
Your spell library was empty.

Dungeon Overview and Level Annotations

Branches:
Dungeon (1/15)

Altars:


Innate Abilities, Weirdness & Mutations

You cannot wear most types of armour.
You are amphibious.
You can wear up to eight rings at the same time.
Your skin changes colour to match your surroundings (Stealth+).
Your rubbery body absorbs attacks. (AC +1, EV +1)
((You are camouflaged when in or above water. (Stealth+)))
You have tentacles for arms and can constrict up to eight enemies at once.


Message History

You miss the bat. Your grab misses the bat. The bat completely misses you.
The bat hits you but does no damage.
The ball python hisses angrily.
You hit the bat but do no damage. Your grab misses the bat.
You hit the ball python.
You kill the ball python!
The bat closely misses you. The bat hits you but does no damage.
The bat hits you. The bat closely misses you.
The bat hits you but does no damage.
You completely miss the bat. Your grab misses the bat.
Your squeeze misses the bat. The bat barely misses you.
You closely miss the bat. Your grab misses the bat.
The bat hits you but does no damage.
You slash the bat!
You kill the bat!
No target in view!
No target in view!
No target in view!
You now have 10 gold pieces.
A kobold comes into view. It is wielding a +1 dagger of venom.
A kobold is nearby!
The kobold shouts!
You hear a shout!
A goblin comes into view. It is wielding a +0 club.
The kobold hits you with a +1 dagger of venom.
You are lethally poisoned!
You barely miss the kobold. Your grab misses the kobold.
You feel very sick.
The kobold hits you with a +1 dagger of venom.
You are more poisoned.
You are too injured to fight recklessly!
You are too injured to fight recklessly!
It was a potion of mutation.
You feel extremely strange.
You feel a hidden malignance growing inside you.
You no longer feel a malignance within.
* * * LOW HITPOINT WARNING * * *
You feel very sick. The kobold completely misses you.
You slash the kobold!
You kill the kobold!
You die...

#########
#)......#
#.####@#####.#
.....g......#.##
#...###.###....##
.. #.......#.##
###.....##.#
#.....##.#
#.....##.#
#.....#.##
####...##


You could see a goblin.

Vanquished Creatures
  A ball python (D:1)
  A bat (D:1)
  A hobgoblin (D:1)
  A kobold (D:1)
  A spectral kobold (D:1)
5 creatures vanquished.

Notes
Turn   | Place    | Note
-------+----------+-------------------------------------------
     0 | D:1      | arthad the Octopode Wanderer began the quest for the Orb.
     0 | D:1      | arthad set off with the following items: a +2 hand axe, a
                  | +0 shortbow, 29 arrows, 10 poisoned darts, a +0 dagger
     0 | D:1      | Reached XP level 1. HP: 14/14 MP: 1/1
    36 | D:1      | Found a faded altar of an unknown god.
   263 | D:1      | Gained mutation: You have hidden genetic defects. [potion
                  | of mutation]
   263 | D:1      | Lost mutation: You have hidden genetic defects. [potion of
                  | mutation]
   264 | D:1      | Succumbed to a kobold's poison

Illustrated notes

Levels and vault maps discovered:
D:1:      minmay_arrival_checkered_box, layout_loops_corners,
          dreamdust_ecumenical_altar_drowned_temple

Action                   || total
-------------------------++-------
Melee: Hand axe          ||    11
       Tentacles         ||     1
  Use: Potion            ||     1
Armor: Skin              ||     5
Dodge: Dodged            ||     8
